 Dungeon Crawl Stone Soup version 0.22.1-2-g9c5b331 (webtiles) character file.

507 WarriorsX the Chopper (level 7, -2/81 HPs)
             Began as a Human Berserker on Dec 29, 2018.
             Was a Believer of Trog.
             Succumbed to Duvessa's poison
             ... on level 4 of the Dungeon on Dec 30, 2018.
             The game lasted 00:09:23 (3633 turns).

WarriorsX the Chopper (Human Berserker)             Turns: 3633, Time: 00:09:24

Health: -2/81      AC: 14    Str: 24    XL:     7   Next: 42%
Magic:  7/7        EV:  7    Int:  7    God:    Trog [**....]
Gold:   170        SH:  0    Dex: 13    Spells: 6/6 levels left

rFire    . . .     SeeInvis .   a - +0 hand axe
rCold    . . .     Gourm    .   (no shield)
rNeg     . . .     Faith    .   k - +0 plate armour
rPois    .         Spirit   .   m - +2 helmet
rElec    .         Reflect  .   (no cloak)
rCorr    .         Harm     .   (no gloves)
MR       ++...                  (no boots)
Stlth    ..........             (no amulet)
HPRegen  1.23/turn              (no ring)
MPRegen  0.10/turn              (no ring)

@: berserking, lethally poisoned (-2 -> -24), starving, regenerating, very quick
A: no striking features
a: Berserk, Trog's Hand, Renounce Religion


You were on level 4 of the Dungeon.
You worshipped Trog.
Trog was pleased with you.
You were starving.

You visited 2 branches of the dungeon, and saw 5 of its levels.

You collected 170 gold pieces.

Inventory:

Hand Weapons
 a - a +0 hand axe (weapon)
 l - a +1 vampiric spear
Armour
 k - a +0 plate armour (worn)
 m - a +2 helmet (worn)
Jewellery
 q - an uncursed ring of protection from cold {unknown}
Wands
 j - a wand of iceblast (8)
Scrolls
 b - 6 scrolls of teleportation {unknown}
 d - 4 scrolls of identify {unknown}
 e - a scroll of fear {unknown}
 n - 2 scrolls of magic mapping {unknown}
 o - 3 scrolls of fog {unknown}
 p - 2 scrolls of remove curse {unknown}
Potions
 f - 3 potions of curing
 g - a potion of ambrosia
 h - a potion of heal wounds
 i - a potion of agility
 r - a potion of brilliance {unknown}
 s - a potion of berserk rage {unknown}
Comestibles
 c - 6 rations


   Skills:
 - Level 4.1 Fighting
 - Level 7.0 Axes
 + Level 3.0 Armour
 - Level 2.0 Dodging


You had 6 spell levels left.
You didn't know any spells.
Your spell library contained the following spells:

 Spells                   Type           Power        Failure   Level  Hunger
 Summon Small Mammal      Summ           #...         100%        1    ##.....
 Call Imp                 Summ           #.......     100%        2    ###....
 Call Canine Familiar     Summ           #.......     100%        3    ####...
 Summon Guardian Golem    Hex/Summ       #.......     100%        3    ####...
 Summon Ice Beast         Ice/Summ       #.......     100%        4    #####..
 Summon Lightning Spire   Summ/Air       #.......     100%        4    #####..


Dungeon Overview and Level Annotations

Branches:
Dungeon (4/15)             Temple (1/1) D:4

Altars:
Ashenzari
Cheibriados
Dithmenos
Elyvilon
Fedhas
Gozag
Hepliaklqana
Kikubaaqudgha
Makhleb
Nemelex Xobeh
Okawaru
Qazlal
Ru
Sif Muna
Trog
Uskayaw
Wu Jian
Xom
Yredelemnul
The Shining One

Annotations:
D:4 Duvessa


Message History

Duvessa hits you with a rapier of venom.
* * * LOW HITPOINT WARNING * * *
You are more poisoned.
Your skin crawls.
You feel resistant to hostile enchantments.
You are feeling very hungry.
* * * LOW HITPOINT WARNING * * *
You feel very sick.
Duvessa hits you with a rapier of venom.
* * * LOW HITPOINT WARNING * * *
You are more poisoned.
A red film seems to cover your vision as you go berserk!
You feel yourself moving faster!
You feel mighty!
You are near starving!
You are starving!
* * * LOW HITPOINT WARNING * * *
You feel very sick. Duvessa closely misses you.
You barely miss Duvessa.
Duvessa is heavily wounded.
You die...

#......# #.#.# #.#.# ###
#......####.#ยง# #.#.# ..#
#.........#.#.# #.#.# ..#
#.........#.#.# #.#.# ..#
#.........#.#.# #.#.## .)######
#.........#.#.#####.#.#. >.......
'....................... ..######
#.........#.#######.#... ..######
#.....e@..#.# #.#.#. ...[...#
#.........#.#######.#...
.......###......####.......#.#.#.
............<....................
.......###################.###...
.......# ############# #....(..
.####### #...........# #.......
.# #...........####)###.. .#
#................###..


You could see Duvessa.

Vanquished Creatures
  Sigmund (D:2)
  Dowan (D:3)
  A crimson imp (D:3)
  A hound (D:4)
  Jessica (D:2)
  A worker ant (D:4)
  Robin (D:2)
  3 gnolls (D:2)
  4 adders
  2 worms
  3 dart slugs (D:1)
  4 leopard geckos
  7 orcs
  A ball python (D:2)
  8 bats
  4 giant cockroaches
  14 goblins
  15 hobgoblins
  2 jackals (D:1)
  A quokka (D:4)
  2 frilled lizards
  7 kobolds
  8 rats
92 creatures vanquished.

Notes
Turn   | Place    | Note
-------+----------+-------------------------------------------
     0 | D:1      | WarriorsX the Human Berserker began the quest for the Orb.
     0 | D:1      | Reached XP level 1. HP: 18/18 MP: 1/1
    18 | D:1      | Reached XP level 2. HP: 17/24 MP: 2/2
   414 | D:1      | Reached XP level 3. HP: 28/29 MP: 3/3
   435 | D:1      | Reached ** piety under Trog
   729 | D:2      | Noticed Robin
   758 | D:2      | Killed Robin
   758 | D:2      | Reached skill level 4 in Axes
   758 | D:2      | Reached XP level 4. HP: 19/37 MP: 4/4
  1047 | D:2      | Reached XP level 5. HP: 35/42 MP: 5/5
  1099 | D:2      | Noticed Jessica
  1118 | D:2      | Killed Jessica
  1182 | D:2      | Reached skill level 5 in Axes
  1279 | D:2      | Noticed Sigmund
  1360 | D:2      | Killed Sigmund
  1360 | D:2      | Reached skill level 6 in Axes
  1360 | D:2      | Reached XP level 6. HP: 15/48 MP: 6/6
  1910 | D:3      | Reached *** piety under Trog
  1917 | D:3      | Reached XP level 7. HP: 53/54 MP: 7/7
  2586 | D:4      | Found a staircase to the Ecumenical Temple.
  2689 | Temple   | Entered the Ecumenical Temple
  2956 | D:4      | Reached skill level 7 in Axes
  3030 | D:4      | Noticed Duvessa
  3030 | D:4      | Noticed Dowan
  3101 | D:3      | Killed Dowan
  3631 | D:4      | HP: 2/54 [Duvessa/rapier of venom (3)]
  3633 | D:4      | Succumbed to Duvessa's poison

Skill      XL: |  1  2  3  4  5  6  7 |
---------------+----------------------+-----
Axes           | 4 6 7 |  7.0
Fighting       | 4 |  4.1
Armour         | 3 |  3.0
Dodging        | |  2.0

Action                   |  1- 3 |  4- 6 |  7- 9 || total
-------------------------+-------+-------+-------++-------
Melee: Hand axe          |   104 |   166 |   143 ||   413
Invok: Trog's Hand       |       |     1 |     3 ||     4
       Berserk           |       |     1 |     2 ||     3
  Use: Potion            |     2 |     3 |     1 ||     6
       Scroll            |     1 |       |       ||     1
  Eat: Chunk             |       |     4 |     4 ||     8
       Ration            |       |       |     1 ||     1
Armor: Animal skin       |    20 |       |       ||    20
       Ring mail         |    17 |       |       ||    17
       Plate armour      |    20 |    91 |    86 ||   197
Dodge: Dodged            |    53 |    55 |    39 ||   147
